Senateurs vs Rangers
Created - February 1, 2020 at 19:31
Goals
|
| Senateurs |
0 |
2 |
3 |
5 |
| Rangers |
0 |
1 |
1 |
2 |
|
Shots
|
| Senateurs |
6 |
9 |
18 |
33 |
| Rangers |
11 |
13 |
10 |
34 |
|
1st period
No Goal
Penalties :
Michel Ouellet (Ott) for Hooking (Minor) at 1:25
2nd period
1. Rangers , Chris Bourque 12 (Tomas Hertl 8) at 14:17
2. Senateurs , Jamie Benn 8 (Phil Kessel 28, Sidney Crosby 34) at 14:23
3. Senateurs , Sidney Crosby 31 (Phil Kessel 29) at 15:01 (PP)
Penalties :
James Neal (NYR) for High sticking (Minor) at 6:28, Mark Fistric (NYR) for Goalie Interference (Minor) at 11:42, Milan Lucic (NYR) for Tripping (Minor) at 14:46, Colby Armstrong (Ott) for Tripping (Minor) at 15:37
3rd period
4. Senateurs , Colby Armstrong 12 (Evgeni Malkin 29, Daniel Sedin 15) at 0:42
5. Senateurs , Sidney Crosby 32 (Phil Kessel 30, Jamie Benn 21) at 0:54 (PP)
6. Rangers , Milan Lucic 26 (Magnus Paajarvi-Svensson 3) at 2:08
7. Senateurs , Phil Kessel 23 (Dion Phaneuf 31, Jamie Benn 22) at 10:32 (PP)
Penalties :
Milan Lucic (NYR) for Hooking (Minor) at 0:45, Milan Lucic (NYR) for Slashing (Minor) at 2:36, Milan Lucic (NYR) for Hooking (Minor) at 10:13, Patrice Bergeron (NYR) for Tripping (Minor) at 10:56, Dion Phaneuf (Ott) for Holding (Minor) at 19:11
Goalie Stats
Ondrej Pavelec (Ott), 32 saves from 34 shots - (0.941), W, 21-8-5, 60:00 minutes
Mike Condon (NYR), 13 saves from 14 shots - (0.929), 19:06 minutes
Frederik Andersen (NYR), 15 saves from 19 shots - (0.789), L, 20-10-2, 40:54 minutes
Players Stats for Senateurs
Player Name G A P +/- PIM S H SB GA TA FO MP PP MP PK MP
------------------------------------------------------------------------------------
Carlo Colaiacovo 0 0 0 0 0 0 0 1 0 0 0/0 12:25 0:43 0:48
Cody Franson 0 0 0 -1 0 1 3 1 0 3 0/0 28:42 3:56 3:05
Colby Armstrong 1 0 1 1 2 1 1 0 1 0 0/1 15:10 3:40 0:00
Daniel Briere 0 0 0 -2 0 1 1 0 0 0 0/4 12:39 0:00 1:28
Daniel Sedin 0 1 1 1 0 0 2 0 0 1 1/1 15:10 3:40 0:00
Dion Phaneuf 0 1 1 -1 2 2 1 3 1 1 0/0 27:53 3:56 2:17
Duncan Keith 0 0 0 1 0 2 2 0 0 0 0/0 19:41 4:00 1:41
Evgeni Malkin 0 1 1 1 0 4 2 0 0 0 4/8 17:51 3:40 2:41
Jamie Benn 1 2 3 1 0 6 2 0 0 0 1/2 21:06 4:54 0:37
Mark Giordano 0 0 0 0 0 1 0 2 0 1 0/0 11:37 0:43 0:00
Michel Ouellet 0 0 0 0 2 2 0 0 0 0 0/0 8:15 0:03 0:00
Nate Prosser 0 0 0 1 0 1 2 0 0 0 0/0 19:41 4:00 1:41
Phil Kessel 1 3 4 1 0 3 1 1 2 0 1/3 22:06 4:56 1:28
Radim Vrbata 0 0 0 -2 0 1 1 0 0 0 0/0 12:09 0:00 0:59
Ryan Hollweg 0 0 0 0 0 1 0 0 1 0 0/1 8:24 0:05 0:00
Sergei Kostitsyn 0 0 0 -2 0 1 3 0 1 0 0/0 11:21 0:05 0:00
Sidney Crosby 2 1 3 1 0 6 1 0 1 0 27/45 22:48 4:54 2:19
Stephane Da Costa 0 0 0 0 0 0 0 1 0 0 0/1 8:13 0:00 0:00
Players Stats for Rangers
Player Name G A P +/- PIM S H SB GA TA FO MP PP MP PK MP
------------------------------------------------------------------------------------
Alexei Emelin 0 0 0 0 0 0 1 0 0 0 0/0 4:07 0:05 0:14
Cam Barker 0 0 0 -1 0 1 3 0 0 1 0/0 30:02 2:58 5:15
Chris Bourque 1 0 1 0 0 3 2 1 0 0 0/0 13:32 0:05 2:06
Colten Teubert 0 0 0 0 0 1 0 1 0 1 0/0 10:01 0:00 0:00
Gustav Nyquist 0 0 0 0 0 2 0 0 0 0 0/0 11:12 0:05 0:00
Jakob Silfverberg 0 0 0 1 0 3 4 0 0 1 1/2 19:01 2:32 1:48
James Neal 0 0 0 -1 2 5 1 0 0 0 0/1 16:00 2:09 0:00
Kyle Okposo 0 0 0 -1 0 1 2 1 0 0 0/2 18:04 2:09 1:48
Luke Schenn 0 0 0 -1 0 4 4 1 0 0 0/0 27:03 2:58 5:15
Magnus Paajarvi-Svensson 0 1 1 0 0 2 0 0 1 0 0/0 7:23 0:00 0:24
Mark Fistric 0 0 0 1 2 0 1 0 0 1 0/0 19:11 1:48 2:39
Matt Greene 0 0 0 1 0 3 0 0 0 1 0/0 19:09 1:48 3:10
Maxime Sauvé 0 0 0 0 0 1 1 0 0 0 1/1 7:09 0:00 0:10
Milan Lucic 1 0 1 1 8 4 3 0 4 1 2/3 24:19 2:32 1:54
Patrice Bergeron 0 0 0 1 2 3 3 0 0 1 15/32 20:45 2:32 3:36
Patrik Nemeth 0 0 0 0 0 0 0 1 0 0 0/0 11:20 0:00 0:45
Sean Couturier 0 0 0 -1 0 0 0 0 1 0 8/14 18:27 2:09 1:55
Tomas Hertl 0 1 1 0 0 1 1 0 0 0 5/11 14:29 0:00 3:37
3 Stars
1 - Phil Kessel (Ott)
2 - Sidney Crosby (Ott)
3 - Jamie Benn (Ott)
Power Play
Senateurs - 3 on 7 Attempt(s) - 42.86%
Rangers - 0 on 3 Attempt(s) - 0.00%
Penalty Kill
Senateurs - 3 on 3 Attempt(s) - 100.00%
- Score 0 goal in Penalty Kill
Rangers - 4 on 7 Attempt(s) - 57.14%
- Score 0 goal in Penalty Kill
Team Stat
Senateurs - Hits : 22 - Faceoff Wins : 34 - Blocked Shots : 9 - Penalty Minutes : 6
Rangers - Hits : 26 - Faceoff Wins : 32 - Blocked Shots : 5 - Penalty Minutes : 14
Official
Referees : Unknown
Linesman : Unknown
Game Notes
Mike Condon enters game at 0:54 of 3rd period
Finance
Level 1 -- Attendance: 6000 (100.00%) -- Ticket Income $570,000
Level 2 -- Attendance: 4616 (92.32%) -- Ticket Income $276,960
Level 3 -- Attendance: 1927 (96.35%) -- Ticket Income $67,445
Level 4 -- Attendance: 4000 (100.00%) -- Ticket Income $100,000
Luxury Box -- Attendance: 1000 (100.00%) -- Ticket Income $180,000
Game was played at the Madison Square Garden.
Total Attendance: 17543 (97.46%)
Total Ticket Income: $1,194,405
Other Income: $179,161
Total Income: $1,373,566
Senateurs
5 vs 5 Forward
Center Left Wing Right Wing Time % Phy DF OF
1 Sidney Crosby Jamie Benn Phil Kessel 40 1 2 2
2 Evgeni Malkin Daniel Sedin Colby Armstrong 30 1 2 2
3 Daniel Briere Sergei Kostitsyn Radim Vrbata 20 1 2 2
4 Stephane Da Costa Ryan Hollweg Michel Ouellet 10 1 2 2
5 vs 5 Defense
Defense Defense Time % Phy DF OF
1 Dion Phaneuf Cody Franson 40 1 2 2
2 Duncan Keith Nate Prosser 30 1 2 2
3 Mark Giordano Carlo Colaiacovo 20 1 2 2
4 Dion Phaneuf Cody Franson 10 1 2 2
PowerPlay Forward
Center Left Wing Right Wing Time % Phy DF OF
1 Sidney Crosby Jamie Benn Phil Kessel 60 1 2 2
2 Evgeni Malkin Daniel Sedin Colby Armstrong 40 1 2 2
PowerPlay Defense
Defense Defense Time % Phy DF OF
1 Dion Phaneuf Cody Franson 60 1 2 2
2 Duncan Keith Nate Prosser 40 1 2 2
Penalty Kill 4 Players Forward
Center Wing Time % Phy DF OF
1 Sidney Crosby Evgeni Malkin 60 1 2 2
2 Phil Kessel Daniel Briere 40 1 2 2
Penalty Kill 4 Players Defense
Defense Defense Time % Phy DF OF
1 Dion Phaneuf Cody Franson 60 1 2 2
2 Duncan Keith Nate Prosser 40 1 2 2
Penalty Kill - 3 Players Forward
Forward Time % Phy DF OF
1 Sidney Crosby 60 1 2 2
2 Evgeni Malkin 40 1 2 2
Penalty Kill - 3 Players Defense
Defense Defense Time % Phy DF OF
1 Dion Phaneuf Cody Franson 60 1 2 2
2 Duncan Keith Nate Prosser 40 1 2 2
4 vs 4 Forward
Center Wing Time % Phy DF OF
1 Sidney Crosby Evgeni Malkin 60 1 2 2
2 Phil Kessel Daniel Briere 40 1 2 2
4 vs 4 Defense
Defense Defense Time % Phy DF OF
1 Dion Phaneuf Cody Franson 60 1 2 2
2 Duncan Keith Nate Prosser 40 1 2 2
Last Minutes Offensive
Center Left Wing Right Wing Defense Defense
Sidney Crosby Jamie Benn Phil Kessel Dion Phaneuf Cody Franson
Last Minutes Defensive
Center Left Wing Right Wing Defense Defense
Sidney Crosby Jamie Benn Phil Kessel Dion Phaneuf Cody Franson
Goaltenders
Starting : Ondrej Pavelec
Backup : Roberto Luongo
Extra Forwards
Normal : Sergei Kostitsyn, Ryan Hollweg, Radim Vrbata - PP : Sergei Kostitsyn, Ryan Hollweg - PK : Radim Vrbata
Extra Defensemen
Normal : Mark Giordano, Carlo Colaiacovo, Duncan Keith - PP : Mark Giordano - PK : Carlo Colaiacovo, Duncan Keith
Penalty Shots
Sidney Crosby, Evgeni Malkin, Phil Kessel, Daniel Briere, Jamie Benn
Scratches
Chris Kunitz (Healthy), Arturs Kulda (Healthy)
Rangers
5 vs 5 Forward
Center Left Wing Right Wing Time % Phy DF OF
1 Patrice Bergeron Milan Lucic Jakob Silfverberg 40 1 2 2
2 Sean Couturier James Neal Kyle Okposo 30 1 2 2
3 Tomas Hertl Chris Bourque Gustav Nyquist 20 1 2 2
4 Maxime Sauvé Magnus Paajarvi-Svensson Milan Lucic 10 1 2 2
5 vs 5 Defense
Defense Defense Time % Phy DF OF
1 Cam Barker Luke Schenn 40 1 2 2
2 Mark Fistric Matt Greene 30 1 2 2
3 Colten Teubert Patrik Nemeth 20 1 2 2
4 Alexei Emelin Cam Barker 10 1 2 2
PowerPlay Forward
Center Left Wing Right Wing Time % Phy DF OF
1 Patrice Bergeron Milan Lucic Jakob Silfverberg 60 1 2 2
2 Sean Couturier James Neal Kyle Okposo 40 1 2 2
PowerPlay Defense
Defense Defense Time % Phy DF OF
1 Cam Barker Luke Schenn 60 1 2 2
2 Mark Fistric Matt Greene 40 1 2 2
Penalty Kill 4 Players Forward
Center Wing Time % Phy DF OF
1 Milan Lucic Patrice Bergeron 60 1 2 2
2 Jakob Silfverberg Kyle Okposo 40 1 2 2
Penalty Kill 4 Players Defense
Defense Defense Time % Phy DF OF
1 Cam Barker Luke Schenn 60 1 2 2
2 Mark Fistric Matt Greene 40 1 2 2
Penalty Kill - 3 Players Forward
Forward Time % Phy DF OF
1 Milan Lucic 60 1 2 2
2 Patrice Bergeron 40 1 2 2
Penalty Kill - 3 Players Defense
Defense Defense Time % Phy DF OF
1 Cam Barker Luke Schenn 60 1 2 2
2 Mark Fistric Matt Greene 40 1 2 2
4 vs 4 Forward
Center Wing Time % Phy DF OF
1 Milan Lucic Patrice Bergeron 60 1 2 2
2 Jakob Silfverberg Kyle Okposo 40 1 2 2
4 vs 4 Defense
Defense Defense Time % Phy DF OF
1 Cam Barker Luke Schenn 60 1 2 2
2 Mark Fistric Matt Greene 40 1 2 2
Last Minutes Offensive
Center Left Wing Right Wing Defense Defense
Patrice Bergeron Milan Lucic Jakob Silfverberg Cam Barker Luke Schenn
Last Minutes Defensive
Center Left Wing Right Wing Defense Defense
Patrice Bergeron Milan Lucic Jakob Silfverberg Cam Barker Luke Schenn
Goaltenders
Starting : Frederik Andersen
Backup : Mike Condon
Extra Forwards
Normal : Chris Bourque, Gustav Nyquist, Tomas Hertl - PP : Chris Bourque, Gustav Nyquist - PK : Tomas Hertl
Extra Defensemen
Normal : Colten Teubert, Patrik Nemeth, Alexei Emelin - PP : Colten Teubert - PK : Patrik Nemeth, Alexei Emelin
Penalty Shots
Milan Lucic, Patrice Bergeron, Jakob Silfverberg, Kyle Okposo, Sean Couturier
Scratches
Matt Read (Healthy)
% Time on Ice - Senateurs
Lines # - Real PCT - Wanted PCT - Time Play
Normal Forward
1 - 34% - 40% - 15:41
2 - 25% - 30% - 11:31
3 - 24% - 20% - 11:10
4 - 18% - 10% - 8:13
Normal Defense
1 - 43% - 40% - 19:59
2 - 30% - 30% - 14:00
3 - 22% - 20% - 10:20
4 - 5% - 10% - 2:16
PP Forward
1 - 58% - 60% - 4:59
2 - 42% - 40% - 3:40
PP Defense
1 - 54% - 60% - 4:39
2 - 46% - 40% - 4:00
PK Forward
1 - 69% - 60% - 3:18
2 - 31% - 40% - 1:28
PK Defense
1 - 65% - 60% - 3:05
2 - 35% - 40% - 1:41
PK3 Forward
1 - 0% - 60%
2 - 0% - 40%
PK3 Defense
1 - 0% - 60%
2 - 0% - 40%
44 Forward
1 - 0% - 60%
2 - 0% - 40%
44 Defense
1 - 0% - 60%
2 - 0% - 40%
Last Minute Offensive - 0:00
Last Minute Defensive - 0:00
Total
Forward - 60:00
Defense - 60:00
|
% Time on Ice - Rangers
Lines # - Real PCT - Wanted PCT - Time Play
Normal Forward
1 - 34% - 40% - 15:38
2 - 30% - 30% - 13:52
3 - 22% - 20% - 10:17
4 - 15% - 10% - 6:48
Normal Defense
1 - 40% - 40% - 18:50
2 - 32% - 30% - 14:45
3 - 22% - 20% - 10:01
4 - 6% - 10% - 2:59
PP Forward
1 - 55% - 60% - 2:37
2 - 45% - 40% - 2:09
PP Defense
1 - 62% - 60% - 2:58
2 - 38% - 40% - 1:48
PK Forward
1 - 79% - 60% - 6:51
2 - 21% - 40% - 1:48
PK Defense
1 - 62% - 60% - 5:22
2 - 38% - 40% - 3:17
PK3 Forward
1 - 0% - 60%
2 - 0% - 40%
PK3 Defense
1 - 0% - 60%
2 - 0% - 40%
44 Forward
1 - 0% - 60%
2 - 0% - 40%
44 Defense
1 - 0% - 60%
2 - 0% - 40%
Last Minute Offensive - 0:00
Last Minute Defensive - 0:00
Total
Forward - 60:00
Defense - 60:00
|
Play-by-Play
1st period
0:01 of 1st period - Sidney Crosby wins face-off versus Patrice Bergeron in neutral zone.
0:27 of 1st period - Icing by Cody Franson.
0:28 of 1st period - Jamie Benn wins face-off versus Sean Couturier in Senateurs zone.
1:25 of 1st period - Minor Penalty to Michel Ouellet for Hooking.
1:26 of 1st period - Sidney Crosby wins face-off versus Patrice Bergeron in Senateurs zone.
1:26 of 1st period - Sidney Crosby is hit by Luke Schenn.
1:53 of 1st period - Kyle Okposo is hit by Cody Franson and loses puck.
3:02 of 1st period - Jakob Silfverberg is hit by Nate Prosser and loses puck.
3:25 of 1st period - Penalty to Michel Ouellet is over, Michel Ouellet is back on ice.
3:58 of 1st period - Ryan Hollweg is hit by Cam Barker and loses puck.
4:13 of 1st period - Wrist shot by Evgeni Malkin.
4:13 of 1st period - Shot Blocked by Colten Teubert.
4:15 of 1st period - Snap shot by Daniel Sedin.
4:15 of 1st period - Deflect By Tomas Hertl.
4:15 of 1st period - Shot Misses the Net.
4:15 of 1st period - Puck is out of play.
4:16 of 1st period - Evgeni Malkin wins face-off versus Tomas Hertl in Rangers zone.
4:23 of 1st period - Snap shot by Colby Armstrong.
4:23 of 1st period - Deflect By Evgeni Malkin.
4:23 of 1st period - Stopped by Frederik Andersen without a rebound.
4:24 of 1st period - Sidney Crosby wins face-off versus James Neal in Rangers zone.
4:25 of 1st period - Snap shot by Phil Kessel.
4:25 of 1st period - Stopped by Frederik Andersen without a rebound.
4:26 of 1st period - Sean Couturier wins face-off versus Sidney Crosby in Rangers zone.
4:28 of 1st period - Icing by James Neal.
4:29 of 1st period - Sean Couturier wins face-off versus Phil Kessel in Rangers zone.
4:29 of 1st period - Sean Couturier is hit by Jamie Benn.
5:06 of 1st period - Evgeni Malkin is hit by Milan Lucic and loses puck.
6:04 of 1st period - Wrist shot by James Neal.
6:04 of 1st period - Stopped by Ondrej Pavelec with a rebound.
6:06 of 1st period - Slapshot by Cam Barker.
6:06 of 1st period - Stopped by Ondrej Pavelec with a rebound.
6:08 of 1st period - Wrist shot by Sean Couturier.
6:08 of 1st period - Shot Misses the Net.
6:10 of 1st period - Slapshot by Kyle Okposo.
6:10 of 1st period - Shot Misses the Net.
6:22 of 1st period - Icing by Gustav Nyquist.
6:23 of 1st period - Tomas Hertl wins face-off versus Daniel Briere in Rangers zone.
6:51 of 1st period - Snap shot by Chris Bourque.
6:51 of 1st period - Shot Misses the Net.
6:57 of 1st period - Snap shot by Gustav Nyquist.
6:57 of 1st period - Stopped by Ondrej Pavelec with a rebound.
7:03 of 1st period - Wrist shot by Chris Bourque.
7:03 of 1st period - Stopped by Ondrej Pavelec with a rebound.
7:05 of 1st period - Slapshot by Colten Teubert.
7:05 of 1st period - Stopped by Ondrej Pavelec without a rebound.
7:06 of 1st period - Patrice Bergeron wins face-off versus Sidney Crosby in Senateurs zone.
7:23 of 1st period - Snap shot by Milan Lucic.
7:23 of 1st period - Stopped by Ondrej Pavelec with a rebound.
7:40 of 1st period - Slapshot by Dion Phaneuf.
7:40 of 1st period - Shot Blocked by Kyle Okposo.
7:58 of 1st period - Milan Lucic is hit by Cody Franson and loses puck.
8:53 of 1st period - Mark Giordano is hit by Patrice Bergeron and loses puck.
9:32 of 1st period - Jamie Benn is hit by Jakob Silfverberg and loses puck.
10:08 of 1st period - Wrist shot by Duncan Keith.
10:08 of 1st period - Shot Misses the Net.
10:26 of 1st period - Sean Couturier is hit by Evgeni Malkin and loses puck.
10:39 of 1st period - Wrist shot by James Neal.
10:39 of 1st period - Shot Blocked by Dion Phaneuf.
11:44 of 1st period - Mark Fistric is hit by Duncan Keith and loses puck.
12:49 of 1st period - Cam Barker is hit by Nate Prosser.
13:08 of 1st period - Nate Prosser is hit by James Neal and loses puck.
13:20 of 1st period - Icing by Patrik Nemeth.
13:21 of 1st period - Sean Couturier wins face-off versus Daniel Briere in Rangers zone.
13:42 of 1st period - Wrist shot by Kyle Okposo.
13:42 of 1st period - Shot Misses the Net.
13:44 of 1st period - Snap shot by James Neal.
13:44 of 1st period - Stopped by Ondrej Pavelec without a rebound.
13:45 of 1st period - Sidney Crosby wins face-off versus Sean Couturier in Senateurs zone.
13:52 of 1st period - Snap shot by Phil Kessel.
13:52 of 1st period - Stopped by Frederik Andersen with a rebound.
14:12 of 1st period - Jakob Silfverberg is hit by Evgeni Malkin and loses puck.
14:41 of 1st period - Snap shot by Milan Lucic.
14:41 of 1st period - Deflect By Magnus Paajarvi-Svensson.
14:41 of 1st period - Shot Misses the Net.
14:41 of 1st period - Puck is out of play.
14:42 of 1st period - Sean Couturier wins face-off versus Sidney Crosby in Senateurs zone.
14:49 of 1st period - Backhand shot by James Neal.
14:49 of 1st period - Stopped by Ondrej Pavelec without a rebound.
14:50 of 1st period - Sidney Crosby wins face-off versus Sean Couturier in Senateurs zone.
14:50 of 1st period - Sidney Crosby is hit by Mark Fistric.
15:00 of 1st period - Mark Fistric is hit by Sidney Crosby and loses puck.
15:17 of 1st period - Wrist shot by Phil Kessel.
15:17 of 1st period - Deflect By Sean Couturier.
15:17 of 1st period - Shot Misses the Net.
15:17 of 1st period - Puck is out of play.
15:18 of 1st period - Evgeni Malkin wins face-off versus Patrice Bergeron in Rangers zone.
15:21 of 1st period - Snap shot by Daniel Sedin.
15:21 of 1st period - Shot Misses the Net.
15:23 of 1st period - Wrist shot by Evgeni Malkin.
15:23 of 1st period - Stopped by Frederik Andersen with a rebound.
15:50 of 1st period - Wrist shot by Tomas Hertl.
15:50 of 1st period - Stopped by Ondrej Pavelec with a rebound.
15:52 of 1st period - Slapshot by Luke Schenn.
15:52 of 1st period - Stopped by Ondrej Pavelec without a rebound.
15:53 of 1st period - Sidney Crosby wins face-off versus Milan Lucic in Senateurs zone.
16:14 of 1st period - Nate Prosser is hit by Jakob Silfverberg and loses puck.
17:13 of 1st period - Slapshot by Duncan Keith.
17:13 of 1st period - Stopped by Frederik Andersen without a rebound.
17:14 of 1st period - Patrice Bergeron wins face-off versus Ryan Hollweg in Rangers zone.
17:21 of 1st period - Patrik Nemeth is hit by Cody Franson and loses puck.
17:30 of 1st period - Slapshot by Cody Franson.
17:30 of 1st period - Shot Misses the Net.
17:36 of 1st period - Snap shot by Ryan Hollweg.
17:36 of 1st period - Shot Misses the Net.
17:38 of 1st period - Wrist shot by Ryan Hollweg.
17:38 of 1st period - Shot Misses the Net.
17:40 of 1st period - Wrist shot by Michel Ouellet.
17:40 of 1st period - Stopped by Frederik Andersen with a rebound.
17:42 of 1st period - Slapshot by Mark Giordano.
17:42 of 1st period - Deflect By Ryan Hollweg.
17:42 of 1st period - Shot Blocked by Patrik Nemeth.
17:42 of 1st period - Puck is out of play.
17:43 of 1st period - Sean Couturier wins face-off versus Sidney Crosby in Rangers zone.
18:10 of 1st period - Evgeni Malkin is hit by Luke Schenn and loses puck.
18:19 of 1st period - Snap shot by Gustav Nyquist.
18:19 of 1st period - Stopped by Ondrej Pavelec with a rebound.
18:21 of 1st period - Slapshot by Matt Greene.
18:21 of 1st period - Shot Blocked by Mark Giordano.
18:37 of 1st period - Radim Vrbata is hit by Jakob Silfverberg and loses puck.
19:28 of 1st period - Wrist shot by Evgeni Malkin.
19:28 of 1st period - Shot Misses the Net.
19:30 of 1st period - Snap shot by Evgeni Malkin.
19:30 of 1st period - Shot Misses the Net.
19:40 of 1st period - Wrist shot by Daniel Sedin.
19:40 of 1st period - Shot Misses the Net.
19:58 of 1st period - Duncan Keith is hit by Luke Schenn and loses puck.
Goals for this period are 0 for Senateurs vs 0 for Rangers.
Shots for this period are 6 for Senateurs vs 11 for Rangers.
2nd period
0:01 of 2nd period - Patrice Bergeron wins face-off versus Sidney Crosby in neutral zone.
0:36 of 2nd period - Slapshot by Kyle Okposo.
0:36 of 2nd period - Deflect By James Neal.
0:36 of 2nd period - Shot Blocked by Cody Franson.
0:36 of 2nd period - Puck is out of play.
0:37 of 2nd period - Sean Couturier wins face-off versus Sidney Crosby in Senateurs zone.
1:01 of 2nd period - Nate Prosser is hit by Jakob Silfverberg and loses puck.
1:06 of 2nd period - Wrist shot by Milan Lucic.
1:06 of 2nd period - Stopped by Ondrej Pavelec without a rebound.
1:07 of 2nd period - Sidney Crosby wins face-off versus Patrice Bergeron in Senateurs zone.
1:34 of 2nd period - Sean Couturier is hit by Sergei Kostitsyn and loses puck.
1:41 of 2nd period - Snap shot by James Neal.
1:41 of 2nd period - Shot Misses the Net.
1:59 of 2nd period - Snap shot by Chris Bourque.
1:59 of 2nd period - Shot Misses the Net.
2:47 of 2nd period - Sidney Crosby is hit by Milan Lucic and loses puck.
3:12 of 2nd period - Carlo Colaiacovo is hit by Tomas Hertl and loses puck.
3:39 of 2nd period - Slapshot by Duncan Keith.
3:39 of 2nd period - Stopped by Frederik Andersen with a rebound.
3:41 of 2nd period - Slapshot by Colby Armstrong.
3:41 of 2nd period - Deflect By Sean Couturier.
3:41 of 2nd period - Shot Misses the Net.
3:41 of 2nd period - Puck is out of play.
3:42 of 2nd period - Patrice Bergeron wins face-off versus Sidney Crosby in Rangers zone.
3:50 of 2nd period - Icing by Luke Schenn.
3:51 of 2nd period - Patrice Bergeron wins face-off versus Sidney Crosby in Rangers zone.
4:32 of 2nd period - Slapshot by Milan Lucic.
4:32 of 2nd period - Shot Misses the Net.
4:55 of 2nd period - Snap shot by Sidney Crosby.
4:55 of 2nd period - Stopped by Frederik Andersen with a rebound.
4:57 of 2nd period - Snap shot by Phil Kessel.
4:57 of 2nd period - Shot Misses the Net.
4:59 of 2nd period - Slapshot by Nate Prosser.
4:59 of 2nd period - Stopped by Frederik Andersen without a rebound.
5:00 of 2nd period - Sean Couturier wins face-off versus Evgeni Malkin in Rangers zone.
5:07 of 2nd period - Evgeni Malkin is hit by Kyle Okposo and loses puck.
5:34 of 2nd period - Snap shot by Mark Fistric.
5:34 of 2nd period - Shot Misses the Net.
6:28 of 2nd period - Minor Penalty to James Neal for High sticking.
6:29 of 2nd period - Milan Lucic wins face-off versus Phil Kessel in Rangers zone.
8:28 of 2nd period - Penalty to James Neal is over, James Neal is back on ice.
9:34 of 2nd period - Stephane Da Costa is hit by Maxime Sauvé and loses puck.
10:18 of 2nd period - Wrist shot by Michel Ouellet.
10:18 of 2nd period - Stopped by Frederik Andersen with a rebound.
10:53 of 2nd period - Wrist shot by Magnus Paajarvi-Svensson.
10:53 of 2nd period - Shot Blocked by Stephane Da Costa.
10:55 of 2nd period - Snap shot by Matt Greene.
10:55 of 2nd period - Stopped by Ondrej Pavelec with a rebound.
11:09 of 2nd period - Snap shot by Ryan Hollweg.
11:09 of 2nd period - Stopped by Frederik Andersen with a rebound.
11:23 of 2nd period - Snap shot by Milan Lucic.
11:23 of 2nd period - Shot Blocked by Dion Phaneuf.
11:25 of 2nd period - Snap shot by Maxime Sauvé.
11:25 of 2nd period - Stopped by Ondrej Pavelec with a rebound.
11:27 of 2nd period - Slapshot by Matt Greene.
11:27 of 2nd period - Stopped by Ondrej Pavelec with a rebound.
11:29 of 2nd period - Slapshot by Matt Greene.
11:29 of 2nd period - Deflect By Stephane Da Costa.
11:29 of 2nd period - Stopped by Ondrej Pavelec with a rebound.
11:42 of 2nd period - Minor Penalty to Mark Fistric for Goalie Interference.
11:43 of 2nd period - Sidney Crosby wins face-off versus Kyle Okposo in Rangers zone.
11:46 of 2nd period - Wrist shot by Sidney Crosby.
11:46 of 2nd period - Stopped by Frederik Andersen with a rebound.
11:56 of 2nd period - Slapshot by Duncan Keith.
11:56 of 2nd period - Shot Misses the Net.
12:42 of 2nd period - Evgeni Malkin is hit by Luke Schenn and loses puck.
13:42 of 2nd period - Penalty to Mark Fistric is over, Mark Fistric is back on ice.
13:44 of 2nd period - Colby Armstrong is hit by Alexei Emelin and loses puck.
14:03 of 2nd period - Slapshot by Mark Fistric.
14:03 of 2nd period - Shot Misses the Net.
14:15 of 2nd period - Wrist shot by Chris Bourque.
14:15 of 2nd period - Deflect By Sean Couturier.
14:15 of 2nd period - Shot Blocked by Carlo Colaiacovo.
14:15 of 2nd period - Puck is out of play.
14:16 of 2nd period - Tomas Hertl wins face-off versus Daniel Briere in Senateurs zone.
14:17 of 2nd period - Snap shot by Chris Bourque.
14:17 of 2nd period - Goal by Chris Bourque - Senateurs : 0 - Rangers : 1.
14:18 of 2nd period - Sidney Crosby wins face-off versus Tomas Hertl in neutral zone.
14:21 of 2nd period - Snap shot by Phil Kessel.
14:21 of 2nd period - Shot Misses the Net.
14:23 of 2nd period - Slapshot by Jamie Benn.
14:23 of 2nd period - Goal by Jamie Benn - Senateurs : 1 - Rangers : 1.
14:24 of 2nd period - Patrice Bergeron wins face-off versus Sidney Crosby in neutral zone.
14:27 of 2nd period - Slapshot by Luke Schenn.
14:27 of 2nd period - Stopped by Ondrej Pavelec with a rebound.
14:29 of 2nd period - Snap shot by Patrice Bergeron.
14:29 of 2nd period - Deflect By Jakob Silfverberg.
14:29 of 2nd period - Stopped by Ondrej Pavelec with a rebound.
14:31 of 2nd period - Wrist shot by Jakob Silfverberg.
14:31 of 2nd period - Stopped by Ondrej Pavelec with a rebound.
14:33 of 2nd period - Slapshot by Patrice Bergeron.
14:33 of 2nd period - Stopped by Ondrej Pavelec with a rebound.
14:35 of 2nd period - Snap shot by Patrice Bergeron.
14:35 of 2nd period - Deflect By Jakob Silfverberg.
14:35 of 2nd period - Stopped by Ondrej Pavelec without a rebound.
14:36 of 2nd period - Sidney Crosby wins face-off versus Patrice Bergeron in Senateurs zone.
14:46 of 2nd period - Minor Penalty to Milan Lucic for Tripping.
14:47 of 2nd period - Sidney Crosby wins face-off versus Tomas Hertl in Rangers zone.
15:01 of 2nd period - Snap shot by Sidney Crosby.
15:01 of 2nd period - Goal by Sidney Crosby - Senateurs : 2 - Rangers : 1.
15:02 of 2nd period - Patrice Bergeron wins face-off versus Sidney Crosby in neutral zone.
15:05 of 2nd period - Wrist shot by Patrice Bergeron.
15:05 of 2nd period - Stopped by Ondrej Pavelec without a rebound.
15:06 of 2nd period - Sidney Crosby wins face-off versus Patrice Bergeron in Senateurs zone.
15:35 of 2nd period - Snap shot by Kyle Okposo.
15:35 of 2nd period - Stopped by Ondrej Pavelec with a rebound.
15:37 of 2nd period - Minor Penalty to Colby Armstrong for Tripping.
15:38 of 2nd period - Sidney Crosby wins face-off versus Patrice Bergeron in Senateurs zone.
17:37 of 2nd period - Penalty to Colby Armstrong is over, Colby Armstrong is back on ice.
17:44 of 2nd period - Wrist shot by Stephane Da Costa.
17:44 of 2nd period - Shot Blocked by Luke Schenn.
18:10 of 2nd period - Chris Bourque is hit by Radim Vrbata and loses puck.
18:33 of 2nd period - Sean Couturier is hit by Daniel Sedin.
19:16 of 2nd period - Icing by Jamie Benn.
19:17 of 2nd period - Sidney Crosby wins face-off versus Kyle Okposo in Senateurs zone.
19:42 of 2nd period - Snap shot by Evgeni Malkin.
19:42 of 2nd period - Shot Blocked by Chris Bourque.
19:44 of 2nd period - Slapshot by Evgeni Malkin.
19:44 of 2nd period - Stopped by Frederik Andersen without a rebound.
19:45 of 2nd period - Jakob Silfverberg wins face-off versus Sidney Crosby in Rangers zone.
19:45 of 2nd period - Jakob Silfverberg is hit by Phil Kessel.
19:51 of 2nd period - Slapshot by Milan Lucic.
19:51 of 2nd period - Shot Blocked by Mark Giordano.
19:56 of 2nd period - Off-side.
19:57 of 2nd period - Sidney Crosby wins face-off versus Patrice Bergeron in neutral zone.
Goals for this period are 2 for Senateurs vs 1 for Rangers.
Shots for this period are 9 for Senateurs vs 13 for Rangers.
3rd period
0:01 of 3rd period - Sidney Crosby wins face-off versus Patrice Bergeron in neutral zone.
0:08 of 3rd period - Snap shot by Jamie Benn.
0:08 of 3rd period - Deflect By Milan Lucic.
0:08 of 3rd period - Shot Misses the Net.
0:08 of 3rd period - Puck is out of play.
0:09 of 3rd period - Patrice Bergeron wins face-off versus Sidney Crosby in Rangers zone.
0:26 of 3rd period - Snap shot by Jamie Benn.
0:26 of 3rd period - Stopped by Frederik Andersen with a rebound.
0:28 of 3rd period - Wrist shot by Jamie Benn.
0:28 of 3rd period - Stopped by Frederik Andersen without a rebound.
0:29 of 3rd period - Daniel Sedin wins face-off versus Sean Couturier in Rangers zone.
0:42 of 3rd period - Wrist shot by Colby Armstrong.
0:42 of 3rd period - Goal by Colby Armstrong - Senateurs : 3 - Rangers : 1.
0:43 of 3rd period - Patrice Bergeron wins face-off versus Sidney Crosby in neutral zone.
0:45 of 3rd period - Minor Penalty to Milan Lucic for Hooking.
0:46 of 3rd period - Sidney Crosby wins face-off versus Tomas Hertl in Rangers zone.
0:54 of 3rd period - Snap shot by Phil Kessel.
0:54 of 3rd period - Deflect By Sidney Crosby.
0:54 of 3rd period - Goal by Sidney Crosby - Senateurs : 4 - Rangers : 1.
0:54 of 3rd period - Mike Condon enters game.
0:55 of 3rd period - Sidney Crosby wins face-off versus Patrice Bergeron in neutral zone.
1:00 of 3rd period - Wrist shot by Sidney Crosby.
1:00 of 3rd period - Stopped by Mike Condon with a rebound.
1:02 of 3rd period - Snap shot by Jamie Benn.
1:02 of 3rd period - Shot Misses the Net.
1:04 of 3rd period - Snap shot by Cody Franson.
1:04 of 3rd period - Stopped by Mike Condon with a rebound.
1:06 of 3rd period - Snap shot by Jamie Benn.
1:06 of 3rd period - Deflect By Jakob Silfverberg.
1:06 of 3rd period - Stopped by Mike Condon with a rebound.
1:22 of 3rd period - Cody Franson is hit by Cam Barker and loses puck.
1:49 of 3rd period - Slapshot by Dion Phaneuf.
1:49 of 3rd period - Shot Misses the Net.
2:08 of 3rd period - Snap shot by Milan Lucic.
2:08 of 3rd period - Goal by Milan Lucic - Senateurs : 4 - Rangers : 2.
2:09 of 3rd period - Sidney Crosby wins face-off versus Patrice Bergeron in neutral zone.
2:11 of 3rd period - Off-side.
2:12 of 3rd period - Patrice Bergeron wins face-off versus Sidney Crosby in neutral zone.
2:15 of 3rd period - Nate Prosser is hit by Patrice Bergeron and loses puck.
2:23 of 3rd period - Off-side.
2:24 of 3rd period - Sidney Crosby wins face-off versus Patrice Bergeron in neutral zone.
2:36 of 3rd period - Minor Penalty to Milan Lucic for Slashing.
2:37 of 3rd period - Patrice Bergeron wins face-off versus Sidney Crosby in Rangers zone.
3:03 of 3rd period - Daniel Sedin is hit by Patrice Bergeron and loses puck.
3:58 of 3rd period - Luke Schenn is hit by Daniel Sedin and loses puck.
4:36 of 3rd period - Penalty to Milan Lucic is over, Milan Lucic is back on ice.
4:46 of 3rd period - Snap shot by Magnus Paajarvi-Svensson.
4:46 of 3rd period - Stopped by Ondrej Pavelec without a rebound.
4:47 of 3rd period - Patrice Bergeron wins face-off versus Daniel Briere in Senateurs zone.
5:39 of 3rd period - Wrist shot by Chris Bourque.
5:39 of 3rd period - Stopped by Ondrej Pavelec without a rebound.
5:40 of 3rd period - Sidney Crosby wins face-off versus Sean Couturier in Senateurs zone.
5:46 of 3rd period - Icing by Jamie Benn.
5:47 of 3rd period - Phil Kessel wins face-off versus Sean Couturier in Senateurs zone.
6:02 of 3rd period - Slapshot by Luke Schenn.
6:02 of 3rd period - Stopped by Ondrej Pavelec without a rebound.
6:03 of 3rd period - Patrice Bergeron wins face-off versus Colby Armstrong in Senateurs zone.
6:04 of 3rd period - Snap shot by Jakob Silfverberg.
6:04 of 3rd period - Shot Misses the Net.
6:28 of 3rd period - Luke Schenn is hit by Sergei Kostitsyn and loses puck.
6:36 of 3rd period - Off-side.
6:37 of 3rd period - Sean Couturier wins face-off versus Sidney Crosby in neutral zone.
6:48 of 3rd period - Snap shot by James Neal.
6:48 of 3rd period - Shot Misses the Net.
6:50 of 3rd period - Snap shot by James Neal.
6:50 of 3rd period - Stopped by Ondrej Pavelec without a rebound.
6:51 of 3rd period - Patrice Bergeron wins face-off versus Sidney Crosby in Senateurs zone.
6:56 of 3rd period - Snap shot by Milan Lucic.
6:56 of 3rd period - Shot Misses the Net.
7:02 of 3rd period - Wrist shot by Patrice Bergeron.
7:02 of 3rd period - Stopped by Ondrej Pavelec without a rebound.
7:03 of 3rd period - Sidney Crosby wins face-off versus Patrice Bergeron in Senateurs zone.
7:55 of 3rd period - Snap shot by Evgeni Malkin.
7:55 of 3rd period - Stopped by Mike Condon without a rebound.
7:56 of 3rd period - Tomas Hertl wins face-off versus Evgeni Malkin in Rangers zone.
8:37 of 3rd period - Off-side.
8:38 of 3rd period - Sidney Crosby wins face-off versus Patrice Bergeron in neutral zone.
8:47 of 3rd period - Wrist shot by Milan Lucic.
8:47 of 3rd period - Shot Misses the Net.
8:55 of 3rd period - Snap shot by Sidney Crosby.
8:55 of 3rd period - Stopped by Mike Condon with a rebound.
9:05 of 3rd period - Sean Couturier is hit by Dion Phaneuf and loses puck.
9:20 of 3rd period - Mark Giordano is hit by Kyle Okposo and loses puck.
9:31 of 3rd period - Luke Schenn is hit by Daniel Briere and loses puck.
9:56 of 3rd period - Snap shot by Sergei Kostitsyn.
9:56 of 3rd period - Shot Misses the Net.
9:58 of 3rd period - Slapshot by Mark Giordano.
9:58 of 3rd period - Stopped by Mike Condon with a rebound.
10:00 of 3rd period - Snap shot by Radim Vrbata.
10:00 of 3rd period - Stopped by Mike Condon with a rebound.
10:06 of 3rd period - Wrist shot by Daniel Briere.
10:06 of 3rd period - Stopped by Mike Condon without a rebound.
10:07 of 3rd period - Sidney Crosby wins face-off versus Patrice Bergeron in Rangers zone.
10:13 of 3rd period - Minor Penalty to Milan Lucic for Hooking.
10:14 of 3rd period - Tomas Hertl wins face-off versus Sidney Crosby in Rangers zone.
10:22 of 3rd period - Slapshot by Dion Phaneuf.
10:22 of 3rd period - Deflect By Jamie Benn.
10:22 of 3rd period - Shot Misses the Net.
10:22 of 3rd period - Puck is out of play.
10:23 of 3rd period - Sidney Crosby wins face-off versus Tomas Hertl in Rangers zone.
10:28 of 3rd period - Slapshot by Jamie Benn.
10:28 of 3rd period - Stopped by Mike Condon with a rebound.
10:30 of 3rd period - Snap shot by Dion Phaneuf.
10:30 of 3rd period - Stopped by Mike Condon with a rebound.
10:32 of 3rd period - Wrist shot by Phil Kessel.
10:32 of 3rd period - Goal by Phil Kessel - Senateurs : 5 - Rangers : 2.
10:33 of 3rd period - Sidney Crosby wins face-off versus Patrice Bergeron in neutral zone.
10:42 of 3rd period - Snap shot by Sidney Crosby.
10:42 of 3rd period - Shot Misses the Net.
10:56 of 3rd period - Minor Penalty to Patrice Bergeron for Tripping.
10:57 of 3rd period - Milan Lucic wins face-off versus Jamie Benn in Rangers zone.
10:57 of 3rd period - Milan Lucic is hit by Jamie Benn.
12:56 of 3rd period - Penalty to Patrice Bergeron is over, Patrice Bergeron is back on ice.
13:33 of 3rd period - Snap shot by Magnus Paajarvi-Svensson.
13:33 of 3rd period - Stopped by Ondrej Pavelec without a rebound.
13:34 of 3rd period - Maxime Sauvé wins face-off versus Stephane Da Costa in Senateurs zone.
13:48 of 3rd period - Off-side.
13:49 of 3rd period - Evgeni Malkin wins face-off versus Jakob Silfverberg in neutral zone.
14:02 of 3rd period - Wrist shot by Milan Lucic.
14:02 of 3rd period - Stopped by Ondrej Pavelec with a rebound.
14:04 of 3rd period - Slapshot by Luke Schenn.
14:04 of 3rd period - Deflect By Colby Armstrong.
14:04 of 3rd period - Stopped by Ondrej Pavelec with a rebound.
14:14 of 3rd period - Sean Couturier is hit by Sergei Kostitsyn and loses puck.
14:25 of 3rd period - Wrist shot by Sergei Kostitsyn.
14:25 of 3rd period - Stopped by Mike Condon with a rebound.
14:35 of 3rd period - Jamie Benn is hit by Chris Bourque and loses puck.
15:04 of 3rd period - Snap shot by Jakob Silfverberg.
15:04 of 3rd period - Deflect By Patrice Bergeron.
15:04 of 3rd period - Deflect By Cody Franson.
15:04 of 3rd period - Shot Blocked by Dion Phaneuf.
15:04 of 3rd period - Puck is out of play.
15:05 of 3rd period - Patrice Bergeron wins face-off versus Evgeni Malkin in Senateurs zone.
15:37 of 3rd period - Wrist shot by James Neal.
15:37 of 3rd period - Stopped by Ondrej Pavelec with a rebound.
15:39 of 3rd period - Snap shot by Sean Couturier.
15:39 of 3rd period - Shot Misses the Net.
16:01 of 3rd period - Slapshot by Sergei Kostitsyn.
16:01 of 3rd period - Shot Misses the Net.
16:55 of 3rd period - Slapshot by Cam Barker.
16:55 of 3rd period - Shot Blocked by Phil Kessel.
17:11 of 3rd period - Patrice Bergeron is hit by Duncan Keith and loses puck.
17:57 of 3rd period - Sidney Crosby is hit by Chris Bourque.
18:05 of 3rd period - Wrist shot by Jamie Benn.
18:05 of 3rd period - Stopped by Mike Condon with a rebound.
18:07 of 3rd period - Snap shot by Sidney Crosby.
18:07 of 3rd period - Shot Misses the Net.
18:09 of 3rd period - Slapshot by Dion Phaneuf.
18:09 of 3rd period - Stopped by Mike Condon with a rebound.
18:19 of 3rd period - Snap shot by Phil Kessel.
18:19 of 3rd period - Shot Misses the Net.
18:21 of 3rd period - Slapshot by Mark Giordano.
18:21 of 3rd period - Deflect By Sidney Crosby.
18:21 of 3rd period - Shot Misses the Net.
18:21 of 3rd period - Puck is out of play.
18:22 of 3rd period - Tomas Hertl wins face-off versus Evgeni Malkin in Rangers zone.
18:22 of 3rd period - Tomas Hertl is hit by Colby Armstrong.
18:29 of 3rd period - Off-side.
18:30 of 3rd period - Evgeni Malkin wins face-off versus Tomas Hertl in neutral zone.
19:05 of 3rd period - Wrist shot by Patrice Bergeron.
19:05 of 3rd period - Shot Misses the Net.
19:11 of 3rd period - Minor Penalty to Dion Phaneuf for Holding.
19:12 of 3rd period - Sidney Crosby wins face-off versus Patrice Bergeron in Senateurs zone.
19:31 of 3rd period - Radim Vrbata is hit by Milan Lucic and loses puck.
19:50 of 3rd period - Cody Franson is hit by Cam Barker and loses puck.
Goals for this period are 3 for Senateurs vs 1 for Rangers.
Shots for this period are 18 for Senateurs vs 10 for Rangers.
Back to the Top